 Dungeon Crawl Stone Soup version 0.29.1-13-g9f3cf754e1 (webtiles) character file.

Game seed: 12002658437596828903

10615 javelincjr the Thaumaturge (level 11, -5/85 HPs)
             Began as a Pale Draconian Earth Elementalist on Jan 24, 2023.
             Was a Priest of Sif Muna.
             Slain by Urug
             ... wielding a +3 demon trident of venom
              (12 damage)
             ... on level 1 of the Lair of Beasts on Jan 25, 2023.
             The game lasted 00:53:55 (9540 turns).

javelincjr the Thaumaturge (DrEE)                   Turns: 9540, Time: 00:53:55

Health: -5/85      AC: 12    Str: 16    XL:     11   Next: 38%
Magic:  8/24       EV: 17    Int: 20    God:    Sif Muna [***...]
Gold:   2401       SH:  0    Dex: 12    Spells: 18/29 levels left

rFire   . . .      SeeInvis +   j - +14 obsidian axe {vorpal, Mesm Drain Fly SInv}
rCold   . . .      Faith    .   (no shield)
rNeg    . . .      Spirit   .   (body armour unavailable)
rPois   .          Reflect  .   o - +1 hat
rElec   .          Harm     .   b - +2 cloak
rCorr   .          Rampage  .   (no gloves)
Will    .....                   E - +0 pair of boots
Stlth   +++.......              (no amulet)
HPRegen 1.04/turn               F - +4 ring of evasion
MPRegen 0.19/turn               m - +6 ring of strength

@: lethally poisoned (-5 -> -6), flying, mesmerised, unable to drink
A: breathe steam, AC +7, unfitting armour, cold-blooded, steam resistance,
regeneration 1, inability to drink after injury 1
a: Breathe Steam, Renounce Religion, Channel Magic, Forget Spell


You were on level 1 of the Lair of Beasts.
You worshipped Sif Muna.
Sif Muna was most pleased with you.
You visited 3 branches of the dungeon, and saw 11 of its levels.

You collected 2401 gold pieces.

Inventory:

Hand Weapons
 j - the +14 obsidian axe (weapon) {vorpal, Mesm Drain Fly SInv}
   (You acquired it on level 6 of the Dungeon)

   It inflicts extra damage upon your enemies.
   It occasionally summons demons to assist the wielder when it strikes in
   combat.
   Its wielder is mesmerised by any visible foes.
   It cannot be unequipped while any foes are visible.
   SInv:      It lets you see invisible.
   Fly:       It grants you flight.
   Drain:     It drains your maximum health when unequipped.
 v - a +5 dagger
 x - a +0 dagger
 y - a +3 quarterstaff of chaos
Missiles
 c - 8 javelins
Armour
 b - a +2 cloak (worn)
 o - a +1 hat (worn)
 p - a +0 tower shield
 E - a +0 pair of boots (worn)
Magical Staves
 B - a staff of death
Jewellery
 g - a ring of positive energy
 m - a +6 ring of strength (right hand)
 r - a +6 ring of dexterity
 F - a +4 ring of evasion (left hand)
 N - a ring of protection from fire
Wands
 e - a wand of mindburst (9)
 k - a wand of charming (11)
 z - a wand of flame (17)
 C - a wand of iceblast (19)
Scrolls
 d - 9 scrolls of identify
 i - a scroll of blinking
 l - 3 scrolls of immolation
 s - 2 scrolls of magic mapping
 u - 3 scrolls of torment
 w - a scroll of summoning
 A - a scroll of teleportation
 G - a scroll of vulnerability {unknown}
 K - a scroll of fear
Potions
 a - a potion of magic
 f - 3 potions of lignification
 h - 2 potions of flight
 n - 2 potions of brilliance
 q - 2 potions of heal wounds
 t - a potion of mutation
 D - 3 potions of haste {unknown}
 H - a potion of invisibility
 I - 3 potions of degeneration {unknown}
 J - a potion of might {unknown}
 L - a potion of berserk rage
 M - a potion of cancellation


   Skills:
 + Level 4.4 Fighting
 + Level 7.9 Axes
 + Level 1.8 Staves
 + Level 4.2 Dodging
 + Level 5.4 Stealth
 + Level 0.1 Unarmed Combat
 + Level 9.7 Spellcasting
 + Level 2.5 Conjurations
 + Level 1.4 Hexes
 + Level 1.1 Transmutations
 + Level 9.4 Earth Magic


You had 18 spell levels left.
You knew the following spells:

 Your Spells              Type           Power      Damage    Failure   Level
a - Sandblast             Erth           94%        2d19      1%          1
b - Slow                  Hex            60%        N/A       4%          1
c - Passwall              Tmut/Erth      25%        N/A       1%          2
d - Stone Arrow           Conj/Erth      66%        3d11      1%          3
e - Petrify               Tmut/Erth      31%        N/A       8%          4

Your spell library contained the following spells:

 Spells                   Type           Power      Damage    Failure   Level
 Foxfire                  Conj/Fire      56%        2x1d6     4%          1
 Sublimation of Blood     Necr           9%         N/A       11%         2
 Confusing Touch          Hex            15%        N/A       12%         3
 Conjure Flame            Conj/Fire      14%        6-21      13%         3
 Inner Flame              Hex/Fire       12%        N/A       16%         3
 Ignite Poison            Fire/Tmut/Pois 11%        N/A       19%         3
 Vampiric Draining        Necr           9%         2d6       22%         3
 Flame Wave               Conj/Fire      14%        2d6       38%         4
 Hailstorm                Conj/Ice       14%        3d5       38%         4
 Sticky Flame             Conj/Fire      14%        2d4       38%         4
 Anguish                  Hex/Necr       6%         N/A       47%         4
 Ice Form                 Ice/Tmut       12%        N/A       50%         4
 Irradiate                Conj/Tmut      8%         3d14      67%         5
 Iron Shot                Conj/Erth      16%        9d4       67%         6
 Blade Hands              Tmut           7%         N/A       77%         5
 Simulacrum               Ice/Necr       4%         N/A       100%        6
 Enfeeble                 Hex            7%         N/A       100%        7
 Animate Armour           Summ/Erth      Unusable   N/A       N/A         4

Dungeon Overview and Level Annotations

Branches:
Dungeon (9/15)             Temple (1/1) D:4            Lair (1/5) D:9
    Orc: D:9-12

Altars:
Ashenzari
Cheibriados
Dithmenos
Elyvilon
Fedhas
Gozag
Hepliaklqana
Kikubaaqudgha
Makhleb
Nemelex Xobeh
Okawaru
Qazlal
Ru
Sif Muna
Trog
Uskayaw
Vehumet
Wu Jian
Xom
Yredelemnul
Zin
The Shining One

Annotations:
Lair:1 Urug


Innate Abilities, Weirdness & Mutations

You can breathe blasts of scalding, opaque steam.
Your pale cyan-grey scales are hard. (AC +7)
You cannot fit into any form of body armour.
You are cold-blooded and may be slowed by cold attacks.
You are immune to the effects of steam.
Your natural rate of healing is unusually fast.
You occasionally lose the ability to drink potions when taking damage.


Message History

The helpless Urug fails to defend herself.
You slice Urug!!
You feel very sick.
The komodo dragon completely misses you.
The komodo dragon closely misses you.
You completely miss the komodo dragon.
You tail-slap the komodo dragon, but do no damage.
The komodo dragon is heavily wounded.
The helpless Urug fails to defend herself.
You slice Urug!!
You feel very sick.
The komodo dragon bites you but does no damage.
You hit the komodo dragon.
The komodo dragon is severely wounded.
The helpless Urug fails to defend herself.
You slash Urug!
You feel sick. The komodo dragon closely misses you.
You slice the komodo dragon!!
You kill the komodo dragon!
Sif Muna accepts your kill.
The helpless Urug fails to defend herself.
You slice Urug!!
You feel sick.
The helpless Urug fails to defend herself.
You carve Urug like a ham!!! You tail-slap Urug, but do no damage.
Urug is almost dead.
You feel sick.
Urug is no longer petrified.
Urug completely misses you.
You hit Urug but do no damage.
Urug is almost dead.
You feel sick.
Urug hits you with a +3 demon trident of venom!!
* * * LOW HITPOINT WARNING * * *
You are more poisoned.
You hit Urug.
Urug is almost dead.
You feel very sick. Urug closely misses you.
You hit Urug. You tail-slap Urug, but do no damage.
Urug is almost dead.
You feel very sick.
Urug hits you with a +3 demon trident of venom!
You die...

.......####... ...#
....#...# ..... .#..>#
........# #.... .....##
..........#P... .$...P#
.........##...###.......
........................
.....#..........$.......
................†o....P.
#[.............#@.....#
................#...#...
....#.....#.#...........
....##..................
..#.##..................
......#...#..........P..
.....##.................
...#.P..####..........##
####...... #....#..


You could see Urug (mesmerising).

Vanquished Creatures
  A boulder beetle (D:9)
  A centaur warrior (D:9)
  Pikel (D:5)
  A wolf spider (D:9)
  2 cyclopes (D:9)
  A cane toad (Lair:1)
  Maggie (D:6)
  A komodo dragon (Lair:1)
  Grinder (D:4)
  A hornet (D:9)
  4 blink frogs (Lair:1)
  Sigmund (D:3)
  2 wyverns (D:6)
  5 yaks (D:9)
  Menkaure (D:4)
  3 wargs (D:9)
  2 orc warriors
  2 water moccasins (D:6)
  A sky beast (D:7)
  A black bear (D:6)
  An ice beast (D:7)
  2 ogres
  A lemure (D:5)
  2 kobold brigands
  2 phantoms
  4 necrophages
  2 bullfrogs (D:8)
  2 scorpions (D:6)
  8 wights (D:6)
  6 killer bees (D:9)
  3 howler monkeys
  3 jellies
  7 hounds
  Crazy Yiuf (D:3)
  5 orc priests
  3 iguanas (D:6)
  Ijyb (D:4)
  9 orc wizards
  2 gnolls (D:7)
  5 adders
  A shadow imp (D:5)
  2 white imps
  A worm (D:3)
  2 dart slugs
  21 orcs
  8 ball pythons
  5 endoplasms
  4 giant cockroaches
  6 hobgoblins
  9 jackals
  4 quokkas
  5 bats
  4 frilled lizards
  6 goblins
  17 kobolds
  5 rats
202 creatures vanquished.

Vanquished Creatures (collateral kills)
  A hydra (D:9)
  An orc warrior (D:7)
  2 gnoll boudas
  2 orc wizards (D:8)
  3 gnolls (D:7)
  4 orcs
13 creatures vanquished.

Vanquished Creatures (others)
  A fungus (Lair:1)
  16 plants
17 creatures vanquished.

Grand Total: 232 creatures vanquished

Notes
Turn   | Place    | Note
-------+----------+-------------------------------------------
     0 | D:1      | javelincjr the Draconian Earth Elementalist began the quest
                  | for the Orb.
     0 | D:1      | Reached XP level 1. HP: 14/14 MP: 3/3
   247 | D:1      | Reached XP level 2. HP: 20/20 MP: 0/5
   916 | D:1      | Found a faded altar of an unknown god.
  1190 | D:1      | Reached XP level 3. HP: 26/26 MP: 2/6
  2058 | D:2      | Identified the +1 ring mail of Rodeg {rF- rC- Int+8 Dex+5}
  2271 | D:2      | Identified the +5 robe "Lughis" {rF- rN+ rCorr Dex+3}
  2289 | D:2      | Reached XP level 4. HP: 32/33 MP: 2/8
  3133 | D:3      | Noticed Sigmund
  3163 | D:3      | Learned a level 1 spell: Slow
  3171 | D:3      | Killed Sigmund
  3172 | D:3      | Reached skill level 5 in Earth Magic
  3172 | D:3      | Reached XP level 5. HP: 33/38 MP: 6/11
  3230 | D:3      | Found a runed translucent door.
  3231 | D:3      | Noticed Crazy Yiuf
  3237 | D:3      | Killed Crazy Yiuf
  3238 | D:3      | Reached XP level 6. HP: 33/45 MP: 8/12
  3498 | D:4      | Noticed Grinder
  3501 | D:4      | Paralysed by Grinder for 4 turns
  3526 | D:4      | Killed Grinder
  3527 | D:4      | Reached skill level 5 in Spellcasting
  3625 | D:4      | Noticed Ijyb
  3677 | D:4      | Killed Ijyb
  3678 | D:4      | Reached skill level 1 in Fighting
  3678 | D:4      | Your scales start taking on a pale cyan-grey colour.
  3678 | D:4      | Reached XP level 7. HP: 20/52 MP: 1/14
  3678 | D:4      | Gained mutation: You are immune to the effects of steam.
                  | [Pale Draconian growth]
  4240 | D:4      | Found a staircase to the Ecumenical Temple.
  4250 | D:4      | Noticed Menkaure
  4256 | Temple   | Entered the Ecumenical Temple
  4277 | Temple   | Became a worshipper of Sif Muna the Loreminder
  4398 | Temple   | Gained mutation: Your mind is acute. (Int +4, Str/Dex -1)
                  | [potion of mutation]
  4398 | Temple   | Lost mutation: Your mind is acute. (Int +4, Str/Dex -1)
                  | [potion of mutation]
  4398 | Temple   | Gained mutation: You are strong-willed. (Will+) [potion of
                  | mutation]
  4449 | Temple   | Lost mutation: You are strong-willed. (Will+) [potion of
                  | mutation]
  4449 | Temple   | Gained mutation: You occasionally lose the ability to drink
                  | potions when taking damage. [potion of mutation]
  4449 | Temple   | Gained mutation: Your natural rate of healing is unusually
                  | fast. [potion of mutation]
  4454 | D:4      | Killed Menkaure
  4484 | D:4      | Learned a level 2 spell: Passwall
  4488 | D:4      | Learned a level 3 spell: Stone Arrow
  4530 | D:4      | Reached skill level 1 in Staves
  4887 | D:5      | Entered Level 5 of the Dungeon
  4901 | D:5      | Reached XP level 8. HP: 59/59 MP: 13/17
  4972 | D:5      | Found a radiant altar of Vehumet.
  5213 | D:5      | Reached * piety under Sif Muna
  5307 | D:5      | Found a sacrificial altar of Ru.
  5364 | D:5      | Noticed Pikel
  5388 | D:5      | Killed Pikel
  5644 | D:5      | Reached XP level 9. HP: 66/66 MP: 18/20
  5711 | D:5      | Found a bloodstained altar of Trog.
  6181 | D:6      | Noticed Maggie
  6245 | D:6      | Killed Maggie
  6246 | D:6      | Reached skill level 1 in Conjurations
  6413 | D:6      | Found a burning altar of Makhleb.
  6417 | D:6      | Reached skill level 1 in Hexes
  6438 | D:6      | Found a blossoming altar of Fedhas.
  6442 | D:6      | Found a glowing golden altar of the Shining One.
  6766 | D:6      | Identified 3 scrolls of acquirement
  6767 | D:6      | Acquired 989 gold pieces
  6769 | D:6      | Acquired 780 gold pieces
  6771 | D:6      | Acquired the +14 obsidian axe {vorpal, Mesm Drain Fly SInv}
  6771 | D:6      | Found the +14 obsidian axe {vorpal, Mesm Drain Fly SInv}
  7104 | D:7      | Reached XP level 10. HP: 73/73 MP: 19/23
  7160 | D:7      | Reached ** piety under Sif Muna
  7171 | D:7      | Reached skill level 1 in Axes
  7402 | D:8      | Found a white marble altar of Elyvilon.
  7505 | D:8      | Found a glowing silver altar of Zin.
  7722 | D:8      | Found an ornate altar of the Wu Jian Council.
  7862 | D:8      | Found a shadowy altar of Dithmenos.
  8375 | D:9      | Found a staircase to the Lair.
  8384 | D:9      | Reached *** piety under Sif Muna
  8767 | D:9      | Reached skill level 5 in Axes
  9050 | D:9      | Found a runed translucent door.
  9050 | D:9      | Noticed a cyclops
  9054 | D:9      | Killed a cyclops
  9055 | D:9      | Noticed a cyclops
  9063 | D:9      | Killed a cyclops
  9066 | D:9      | Noticed a boulder beetle
  9074 | D:9      | Killed a boulder beetle
  9075 | D:9      | Reached XP level 11. HP: 78/83 MP: 11/24
  9144 | D:9      | Noticed an eight-headed hydra
  9147 | D:9      | Killed a nine-headed hydra
  9148 | D:9      | Reached skill level 5 in Stealth
  9149 | D:9      | Noticed a wolf spider
  9149 | D:9      | Noticed a centaur warrior
  9152 | D:9      | Killed a centaur warrior
  9154 | D:9      | Killed a wolf spider
  9259 | Lair:1   | Entered Level 1 of the Lair of Beasts
  9307 | Lair:1   | Learned a level 4 spell: Petrify
  9521 | Lair:1   | Noticed Urug
  9540 | Lair:1   | Slain by Urug

Illustrated notes

Levels and vault maps discovered:
D:1:      lemuel_arrival_hallway, layout_basic, serial_glass, glass_columns_a,
          glass_columns_a, dilly_ecumenical_altar_fadedgnrine
D:2:      layout_basic, columned_hall_lemuel
D:3:      layout_rooms, uniq_crazy_yiuf_cottage, uniq_sigmund
D:4:      layout_basic, minmay_temple_entry_statues_fountains,
          minmay_misc_feat_four_crosses, chequers_mini_garden, uniq_grinder,
          uniq_menkaure, uniq_ijyb
D:5:      kennysheep_spiral_hall, layout_basic, nicolae_ru_the_path_less_chosen,
          nicolae_overflow_crystal_walls,
          mainiacjoe_overflow_concentric_impassable,
          chequers_serial_rivers_room_a, nicolae_figureground_sparkle,
          uniq_pikel
D:6:      layout_gridville, minmay_overflow_temple_star_quad, uniq_maggie
D:7:      layout_rooms
D:8:      layout_loops_corners, zin_academy, mainiacjoe_overflow_catwalk,
          pdpol_wu_jian_five_deadly_venoms, elyvilon_altar_5
D:9:      layout_cave_pods, erik_lair_orcish_takeover, minivault_13
Temple:   hellmonk_temple_two_chambers
Lair:1:   layout_misc_corridors, wad_woods_03, uniq_gastronok, uniq_urug

Skill      XL: |  1  2  3  4  5  6  7  8  9 10 11 |
---------------+----------------------------------+-----
Dodging        | 2 3 4 |  4.2
Spellcasting   | 3 4 5 6 7 9 |  9.7
Earth Magic    | 5 6 8 9 |  9.4
Stealth        | 2 3 4 5 |  5.4
Fighting       | 1 3 4 |  4.4
Staves         | 1 |  1.8
Conjurations   | 2 |  2.5
Hexes          | 1 |  1.4
Axes           | 6 7 |  7.9
Unarmed Combat | |  0.1
Transmutations | |  1.1

Action                   |  1- 3 |  4- 6 |  7- 9 | 10-12 || total
-------------------------+-------+-------+-------+-------++-------
Melee: Unarmed           |     5 |       |       |       ||     5
       Quarterstaff      |       |    29 |    20 |       ||    49
       Tailslap          |       |     4 |     8 |    12 ||    24
       Broad axe         |       |       |    18 |    89 ||   107
       Punch             |       |       |       |     1 ||     1
 Cast: Sandblast         |    70 |    48 |    69 |     1 ||   188
       Slow              |       |     2 |     5 |     1 ||     8
       Stone Arrow       |       |       |    21 |    16 ||    37
       Passwall          |       |       |       |     1 ||     1
       Petrify           |       |       |       |     7 ||     7
 Abil: Breathe Steam     |       |       |    38 |    10 ||    48
  Use: Potion            |       |     1 |    10 |       ||    11
       Scroll            |       |       |    16 |       ||    16
 Stab: Sleeping          |     1 |       |     2 |     3 ||     6
       Distracted        |       |       |       |     1 ||     1
       Petrified         |       |       |       |     8 ||     8
       Petrifying        |       |       |       |     2 ||     2
Armor: Skin              |     7 |    29 |    36 |    31 ||   103
Dodge: Dodged            |    12 |    32 |    63 |    86 ||   193
